 Dungeon Crawl Stone Soup version 0.28.0-45-g0d030f2227 (webtiles) character file.

Game seed: 18088355560193406434

126 101zpm the Magician (level 5, 0/35 HPs)
             Began as a Djinni Ice Elementalist on Apr 14, 2022.
             Killed by nerve-wracking pain
             ... invoked by a shadow imp
              (9 damage)
             ... on level 3 of the Dungeon.
             The game lasted 00:09:47 (3724 turns).

101zpm the Magician (Djinni Ice Elementalist)       Turns: 3724, Time: 00:09:47

Health: 0/35       AC:  2    Str:  7    XL:     5   Next: 32%
Gold:   73         EV: 12    Int: 18    God:
                   SH:  0    Dex: 14

rFire   + + .      SeeInvis .   (no weapon)
rCold   x . .      Faith    .   (no shield)
rNeg    . . .      Spirit   .   a - +0 robe
rPois   ∞          Reflect  .   (no helmet)
rElec   .          Harm     .   (no cloak)
rCorr   .          Rampage  .   (no gloves)
Will    .....                   (boots unavailable)
Stlth   ++........              (no amulet)
HPRegen 0.11/turn               (no ring)
MPRegen 0.00/turn               (no ring)

@: flying
A: sickness immunity, fire resistance 2, cold vulnerability 1, float, innate
caster, HP casting, extra vitality 1
a: no special abilities


You were on level 3 of the Dungeon.
You visited 1 branch of the dungeon, and saw 3 of its levels.

You collected 73 gold pieces.

Inventory:

Missiles
 e - 38 stones
 k - 3 javelins
 n - a throwing net
Armour
 a - a +0 robe (worn)
Wands
 g - a wand of flame (11)
Scrolls
 b - 3 scrolls of teleportation {unknown}
 c - 2 scrolls of identify {unknown}
 f - a scroll of enchant armour {unknown}
 j - a scroll of fear {unknown}
 l - a scroll of blinking {unknown}
 m - a scroll of silence {unknown}
 o - a scroll of vulnerability {unknown}
Potions
 d - a potion of curing {unknown}
 h - a potion of invisibility {unknown}
 i - 2 potions of lignification {unknown}


   Skills:
 + Level 0.1 Fighting
 + Level 2.2 Dodging
 + Level 2.2 Stealth
 + Level 0.1 Unarmed Combat
 + Level 4.7 Spellcasting


You couldn't memorise any spells.
You knew the following spells:

 Your Spells              Type           Power      Damage    Failure   Level
a - Freeze                Ice            84%        1d10      1%          1
b - Frozen Ramparts       Ice            42%        1d6       6%          3
c - Ozocubu's Armour      Ice            21%        N/A       6%          3
d - Hailstorm             Conj/Ice       21%        3d6       21%         4
e - Animate Skeleton      Necr           42%        N/A       1%          1
f - Ensorcelled Hibernat  Hex/Ice        42%        N/A       3%          2
Your spell library was empty.

Dungeon Overview and Level Annotations

Branches:
Dungeon (3/15)

Altars:
Okawaru


Innate Abilities, Weirdness & Mutations

You are immune to sickness and miasma.
You are immune to poison.
Your flesh is very heat resistant. (rF++)
You are vulnerable to cold. (rC-)
You float through the air rather than walking.
You learn spells naturally, not from books.
Your magical power is your life essence.
You have superior vitality. (+4 MHP)


Message History

Press: ? - help, Q - select action, (/) - cycle Shift-Dir - straight line, f/p - shadow imp
Aim: a shadow imp (lightly wounded)
You freeze the shadow imp but do no damage.
The shadow imp completely resists.
The frozen ramparts melt away.
The shadow imp hits you but does no damage.
Casting: Freeze (safe; 1% risk of failure)
Confirm with . or Enter, or press ? or * to list all spells.
Casting: Frozen Ramparts (dangerous; 6% risk of failure)
Press: ? - help, Dir - look around, f - activate The walls around you are covered in ice.
The shadow imp completely resists.
The wall freezes the shadow imp but does no damage.
The shadow imp hits you.
Aiming: Freeze (safe; 1% risk of failure)
Press: ? - help, Q - select action, (/) - cycle Shift-Dir - straight line, f - shadow imp
Aim: a shadow imp (lightly wounded)
You freeze the shadow imp.
The shadow imp resists.
The shadow imp is lightly wounded.
The shadow imp completely resists.
The wall freezes the shadow imp but does no damage.
The shadow imp gestures at you. Pain shoots through your body!
* * * LOW HITPOINT WARNING * * *
Aiming: Freeze (safe; 1% risk of failure)
Press: ? - help, Q - select action, (/) - cycle Shift-Dir - straight line, f/p - shadow imp
Aim: a shadow imp (lightly wounded)
You freeze the shadow imp.
The shadow imp resists.
The shadow imp is moderately wounded.
* * * LOW HITPOINT WARNING * * *
The shadow imp completely resists.
The wall freezes the shadow imp but does no damage.
The shadow imp completely misses you.
Your frozen ramparts will break if you move.
Continue?
The frozen ramparts melt away as you move.
A hobgoblin comes into view.
Your magical contamination has completely faded away.
The shadow imp gestures at you. Pain shoots through your body!
You die...

##.#...†.....#
#.#######...# #.#
##### #.# #.# #.# ##
###### #.####
.###[...:##....#######
.##.......#...5.@....#
8#..............###..#
.#..............# #
.#..............#
##..........>###..
............... .g$
...................
.#.b....$..#####....
.#....$..^.#


You could see a shadow imp.

Vanquished Creatures
  A gnoll (D:3)
  3 adders
  A worm (D:2)
  3 dart slugs
  4 orcs (D:3)
  5 endoplasms
  4 giant cockroaches
  3 hobgoblins
  5 kobolds
  A quokka (D:1)
  8 ball pythons
  5 bats
  2 frilled lizards
  6 goblins
  2 rats (D:1)
53 creatures vanquished.

Vanquished Creatures (collateral kills)
  2 gnolls (D:3)
  An endoplasm (D:3)
3 creatures vanquished.

Grand Total: 56 creatures vanquished

Notes
Turn   | Place    | Note
-------+----------+-------------------------------------------
     0 | D:1      | 101zpm the Djinni Ice Elementalist began the quest for the
                  | Orb.
     0 | D:1      | Reached XP level 1. HP: 15/15 MP: 0/0
   161 | D:1      | Reached XP level 2. HP: 7/21 MP: 0/0
   896 | D:1      | Reached XP level 3. HP: 14/25 MP: 0/0
   896 | D:1      | Learned a level 1 spell: Animate Skeleton
  1112 | D:1      | Found a faded altar of an unknown god.
  1424 | D:2      | Reached skill level 4 in Spellcasting
  1614 | D:2      | Reached XP level 4. HP: 28/31 MP: 0/0
  2356 | D:3      | Reached XP level 5. HP: 15/35 MP: 0/0
  2356 | D:3      | Learned a level 2 spell: Ensorcelled Hibernation
  2661 | D:3      | Found an iron altar of Okawaru.
  3724 | D:3      | Killed from afar by a shadow imp

Illustrated notes

Levels and vault maps discovered:
D:1:      saegor_arrival_simple_e, layout_basic,
          shapermc_ecumenical_altar_notcrosses
D:2:      layout_rooms, lemuel_another_geyser
D:3:      layout_rooms, kennysheep_okawaru_gauntlet

Skill      XL: |  1  2  3  4  5 |
---------------+----------------+-----
Spellcasting   | 4 |  4.7
Stealth        | 2 |  2.2
Fighting       | |  0.1
Dodging        | |  2.2
Unarmed Combat | |  0.1

Action                   |  1- 3 |  4- 6 || total
-------------------------+-------+-------++-------
Melee: Unarmed           |       |     2 ||     2
 Cast: Freeze            |    43 |    26 ||    69
       Frozen Ramparts   |       |    16 ||    16
       Animate Skeleton  |       |     6 ||     6
       Ozocubu's Armour  |       |     2 ||     2
       Ensorcelled Hiber |       |     2 ||     2
Armor: Robe              |     6 |     9 ||    15
Dodge: Dodged            |    21 |    26 ||    47
